 Seeded DCSS version 0.30.1-9-gdf580d7c3d (webtiles) character file.

Game seed: 6351066067085065685 (custom seed)

8406 Esekla the Thaumaturge (level 11, -6/59 (60) HPs)
             Began as a Deep Elf Wanderer on Oct 15, 2023.
             Was a High Priest of Vehumet.
             Mangled by Harold
             ... wielding a +0 battleaxe
              (14 damage)
             ... on level 9 of the Dungeon on Oct 16, 2023.
             The game lasted 01:30:53 (8646 turns).

Esekla the Thaumaturge (Deep Elf Wanderer)          Turns: 8646, Time: 01:30:53

HP:   -6/59 (60)    AC:  7    Str: 11    XL:     11   Next: 9%
MP:   27/39         EV: 10    Int: 23    God:    Vehumet [*****.]
Gold: 647           SH:  4    Dex: 11    Spells: 13/36 levels left

rFire   . . .        c - +5 scimitar
rCold   . . .        d - +0 buckler
rNeg    . . .        m - +1 robe {Will+}
rPois   .            g - +1 helmet
rElec   .            F - +0 cloak
rCorr   .            l - +0 pair of gloves
SInv    .            (no boots)
Will    ++...        z - amulet of magic regeneration
Stlth   ++           q - ring of magical power
HPRegen 0.29/turn    (no ring)
MPRegen 0.66/turn

%: no passive effects
@: grasped by roots, constricted, studying Fighting, lightly drained
A: no striking features
a: Renounce Religion


You were on level 9 of the Dungeon.
You worshipped Vehumet.
Vehumet was extremely pleased with you.
You visited 1 branch of the dungeon, and saw 9 of its levels.
You also visited: Bailey.

You collected 647 gold pieces.

Inventory:

Hand Weapons
 a - a +2 vampiric dagger
 c - a +5 scimitar (weapon)
 r - a +4 trident of venom
 s - the +5 rapier of the Hero {heavy, rN+ Dex+3}
   (You found it on level 3 of the Dungeon)

   Dex:       It affects your dexterity (+3).
   rN:        It protects you from negative energy.
 v - a +2 rapier of venom
Missiles
 w - 32 poisoned darts (quivered)
 J - 5 curare-tipped darts
 K - 3 boomerangs
Armour
 d - a +0 buckler (worn)
 g - a +1 helmet (worn)
 l - a +0 pair of gloves (worn)
 m - a +1 robe of willpower (worn)
 F - a +0 cloak (worn)
Jewellery
 q - a ring of magical power (left hand)
 z - an amulet of magic regeneration (around neck)
Wands
 k - a wand of roots (8)
 A - a wand of flame (11)
 H - a wand of mindburst (9)
Scrolls
 o - a scroll of enchant armour
 p - 2 scrolls of amnesia {unknown}
 u - 2 scrolls of fog
 x - a scroll of silence
 y - a scroll of magic mapping
 B - 3 scrolls of fear
 C - 3 scrolls of enchant weapon {unknown}
 E - 2 scrolls of teleportation
 G - 2 scrolls of poison
 L - 3 scrolls of noise {unknown}
 M - 5 scrolls of blinking {unknown}
 N - 2 scrolls of acquirement
Potions
 b - 3 potions of lignification
 e - 3 potions of ambrosia {unknown}
 f - 5 potions of attraction
 i - 3 potions of haste
 j - 8 potions of curing
 n - a potion of mutation
 t - 2 potions of brilliance
 D - a potion of cancellation {unknown}


   Skills:
 * Level 3.3 Fighting
 + Level 3.6(4.0) Short Blades
 + Level 2.0(3.0) Long Blades
 + Level 2.3 Throwing
 * Level 6.4 Dodging
 + Level 3.6 Stealth
 + Level 2.2 Shields
 * Level 13.3 Spellcasting
 + Level 3.8 Conjurations
 * Level 8.6 Necromancy
 + Level 3.7 Translocations
 - Level 4.0 Transmutations
 + Level 3.5 Fire Magic
 * Level 1.8 Air Magic
 * Level 3.7 Poison Magic
 + Level 1.0 Invocations
 + Level 0.9 Evocations


You had 13 spell levels left.
You knew the following spells:

 Your Spells              Type           Power      Damage    Failure   Level
a - Magic Dart            Conj           100%       1d8       1%          1
b - Blink                 Tloc           64%        N/A       1%          2
d - Vampiric Draining     Necr           53%        2d9       1%          3
j - Arcjolt               Conj/Air       14%        1d24      13%         5
k - Airstrike             Air            12%        2d(2-18)  7%          4
n - Ignite Poison         Fire/Tmut/Pois 32%        N/A       1%          3
p - Apportation           Tloc           64%        N/A       1%          1
y - Sticky Flame          Conj/Fire      32%        2d5       3%          4

Your spell library contained the following spells:

 Spells                   Type           Power      Damage    Failure   Level
 Lesser Beckoning         Tloc           64%        N/A       1%          2
 Gell's Gravitas          Tloc           32%        N/A       3%          3
 Spider Form              Tmut/Pois      33%        N/A       3%          3
 Teleport Other           Tloc           32%        N/A       3%          3
 Cause Fear               Hex            7%         N/A       50%         4
 Summon Mana Viper        Hex/Summ       15%        N/A       83%         5


Dungeon Overview and Level Annotations

Branches:
Dungeon (9/15)             Temple (0/1) D:6          Bailey (visited)
   Lair: D:8-11         Orc: D:9-12

Altars:
Dithmenos
Fedhas
Hepliaklqana
Nemelex Xobeh
Okawaru
Qazlal
Trog
Uskayaw
Vehumet
Zin
The Shining One

Shops:
D:2 =   D:4 (

Annotations:
D:2 black bear at faded altar
D:6 Blork the orc
D:9 Harold


Message History

Confirm with . or Enter, or press ? or * to list all spells.
Aiming: Vampiric Draining (safe; 1% risk of failure)
Press: ? - help, Shift-Dir - straight line, f/p - Harold
Aim: Harold, wielding a +0 battleaxe, wearing a +0 chain mail, quivering 2 throwing nets and carrying a wand of roots (6) (moderately wounded, covered in liquid flames)
You draw life force from Harold!
You feel life coursing into your body.
Harold burns!
Harold says, "Let's make it quick, okay?
I've got mouths to feed."
Harold misses you. The grasping roots constrict you!
Casting: Vampiric Draining (safe; 1% risk of failure)
Confirm with . or Enter, or press ? or * to list all spells.
Aiming: Vampiric Draining (safe; 1% risk of failure)
Press: ? - help, Shift-Dir - straight line, f/p - Harold
Aim: Harold, wielding a +0 battleaxe, wearing a +0 chain mail, quivering 2 throwing nets and carrying a wand of roots (6) (heavily wounded, covered in liquid flames)
You draw life force from Harold.
You feel life coursing into your body.
Harold burns!
Harold hits you with a +0 battleaxe!
* * * LOW HITPOINT WARNING * * *
The grasping roots constrict you!
* * * LOW HITPOINT WARNING * * *
The grasping roots release their grip on you.
It was a potion of heal wounds.
You feel much better.
Harold burns!
Harold stops burning.
Harold hits you with a +0 battleaxe!!
* * * LOW HITPOINT WARNING * * *
Casting: Vampiric Draining (safe; 1% risk of failure)
Confirm with . or Enter, or press ? or * to list all spells.
Aiming: Vampiric Draining (safe; 1% risk of failure)
Press: ? - help, Shift-Dir - straight line, f/p - Harold
Aim: Harold, wielding a +0 battleaxe, wearing a +0 chain mail, quivering 2 throwing nets and carrying a wand of roots (6) (severely wounded)
You draw life force from Harold!
You feel life coursing into your body.
Harold zaps a wand.
The roots erupt in riotous growth!
The grasping roots grab you!
Harold is unaffected.
The grasping roots constrict you!
* * * LOW HITPOINT WARNING * * *
Casting: Vampiric Draining (safe; 1% risk of failure)
Confirm with . or Enter, or press ? or * to list all spells.
Aiming: Vampiric Draining (safe; 1% risk of failure)
Press: ? - help, Shift-Dir - straight line, f/p - Harold
Aim: Harold, wielding a +0 battleaxe, wearing a +0 chain mail, quivering 2 throwing nets and carrying a wand of roots (5) (almost dead)
You draw life force from Harold.
You feel life coursing into your body. Harold hits you with a +0 battleaxe!
You die...

#)#.......###......#
#.#.........#...####
#.######....#...#
#......######...#
................#
####............######
...#.................#
...#......######.....#
...#......# #@....#
####......# #@....#
..##......# #.....#
♣.##......######.....#
..##......[..........#
♣.#..................#
..########...........#
###......#..........?#
.........#........


You could see Harold.

Vanquished Creatures
  2 two-headed ogres
  Pikel (D:6)
  2 orc knights (Bailey)
  2 cyclopes (D:9)
  Joseph (D:7)
  A kobold demonologist (D:9)
  2 steam dragons
  2 wyverns
  Menkaure (D:7)
  A sky beast (D:6)
  8 orc warriors
  A black bear (D:6)
  2 ogres
  A centaur (D:7)
  A phantom (D:7)
  3 kobold brigands
  3 gnoll sergeants
  2 bullfrogs
  2 scorpions (D:5)
  10 wights
  5 killer bees (D:9)
  2 quasits (D:8)
  2 gnoll boudas
  6 hounds
  A jelly (D:6)
  Crazy Yiuf (D:7)
  4 orc priests (D:8)
  A sleepcap (D:5)
  5 iguanas
  7 orc wizards
  27 gnolls
  8 adders
  3 shadow imps (D:8)
  6 white imps
  3 ufetubi
  A worm (D:4)
  3 dart slugs
  50 orcs
  4 endoplasms
  9 goblins
  7 hobgoblins
  A quokka (D:1)
  6 ball pythons
  4 bats
  4 frilled lizards
  14 kobolds
  A rat (D:2)
233 creatures vanquished.

Notes
Turn   | Place    | Note
-------+----------+-------------------------------------------
     0 | D:1      | Esekla the Deep Elf Wanderer began the quest for the Orb.
     0 | D:1      | Esekla set off with the following items: a +0 club, a
                  | potion of lignification, a +0 robe, a +0 buckler; and the
                  | following spells available to memorise: Apportation, Blink,
                  | Lesser Beckoning, Magic Dart, Ignite Poison, Vampiric
                  | Draining.
     0 | D:1      | Reached XP level 1. HP: 10/10 MP: 7/7
     2 | D:1      | Learned a level 1 spell: Magic Dart
     4 | D:1      | Learned a level 1 spell: Apportation
   277 | D:2      | Found Renulab's Jewellery Shop.
   660 | D:4      | Found a radiant altar of Vehumet.
   668 | D:4      | Found an iron altar of Okawaru.
   680 | D:4      | Found a glowing silver altar of Zin.
   765 | D:4      | Became a worshipper of Vehumet
  1045 | D:3      | Reached XP level 2. HP: 13/15 MP: 6/9
  1056 | D:3      | Learned a level 2 spell: Blink
  1073 | D:3      | Reached skill level 1 in Dodging
  1216 | D:3      | Identified the +5 rapier of the Hero {heavy, rN+ Dex+3}
                  | (You found it on level 3 of the Dungeon)
  1329 | D:2      | Reached skill level 5 in Spellcasting
  1431 | D:1      | Reached XP level 3. HP: 19/19 MP: 0/11
  1435 | D:1      | Learned a level 3 spell: Vampiric Draining
  1545 | D:1      | Reached skill level 1 in Necromancy
  1566 | D:1      | Reached * piety under Vehumet
  1566 | D:1      | Offered knowledge of Sandblast by Vehumet.
  1981 | D:2      | Reached XP level 4. HP: 14/24 MP: 4/13
  2044 | D:2      | Found a faded altar of an unknown god.
  2087 | D:2      | Noticed a black bear
  2138 | D:2      | Reached skill level 1 in Conjurations
  2409 | D:2      | Reached skill level 6 in Spellcasting
  2516 | D:3      | Found a stormy altar of Qazlal.
  2554 | D:3      | Reached XP level 5. HP: 20/28 MP: 9/15
  2596 | D:3      | Found a bloodstained altar of Trog.
  2599 | D:3      | Found a hazy altar of Hepliaklqana.
  2822 | D:5      | Entered Level 5 of the Dungeon
  2825 | D:5      | Got the Parchment of the Lumpy Olives
  2843 | D:5      | Found a shadowy altar of Dithmenos.
  2979 | D:5      | Reached XP level 6. HP: 26/32 MP: 11/17
  2999 | D:5      | Reached skill level 7 in Spellcasting
  3243 | D:5      | Reached ** piety under Vehumet
  3309 | D:4      | Found Ponaysk's Antique Weapon Boutique.
  3441 | D:4      | Offered knowledge of Freeze by Vehumet.
  3793 | D:4      | Found a glowing golden altar of the Shining One.
  4091 | D:5      | Reached skill level 1 in Short Blades
  4091 | D:5      | Reached XP level 7. HP: 36/36 MP: 20/20
  4159 | D:5      | Reached skill level 8 in Spellcasting
  4434 | D:5      | Reached skill level 1 in Throwing
  4461 | D:6      | Noticed Blork the orc
  4532 | D:6      | Offered knowledge of Dazzling Flash by Vehumet.
  4705 | D:7      | Reached skill level 5 in Necromancy
  4705 | D:7      | Reached XP level 8. HP: 40/41 MP: 19/22
  4890 | D:6      | Found a staircase to the Ecumenical Temple.
  4895 | D:6      | Reached skill level 9 in Spellcasting
  4895 | D:6      | Noticed Pikel
  4903 | D:6      | Killed Pikel
  5128 | D:6      | Reached skill level 10 in Spellcasting
  5131 | D:6      | Reached *** piety under Vehumet
  5202 | D:6      | Found a blossoming altar of Fedhas.
  5420 | D:7      | Found a runed translucent door.
  5421 | D:7      | Noticed Crazy Yiuf
  5430 | D:7      | Killed Crazy Yiuf
  5431 | D:7      | Reached XP level 9. HP: 36/45 MP: 17/25
  5641 | D:7      | Noticed Menkaure
  5649 | D:7      | Killed Menkaure
  5761 | D:7      | Noticed Joseph
  5773 | D:7      | Learned a level 3 spell: Ignite Poison
  5790 | D:7      | Reached skill level 11 in Spellcasting
  5800 | D:7      | Offered knowledge of Sticky Flame by Vehumet.
  5830 | D:7      | Learned a level 4 spell: Sticky Flame
  6070 | D:8      | Reached skill level 1 in Fire Magic
  6189 | D:8      | Reached skill level 5 in Dodging
  6319 | D:8      | Reached skill level 1 in Transmutations
  6459 | D:7      | Reached **** piety under Vehumet
  6473 | D:7      | Killed Joseph
  6474 | D:7      | Reached skill level 1 in Poison Magic
  6623 | D:7      | Offered knowledge of Airstrike by Vehumet.
  6634 | D:7      | Learned a level 4 spell: Airstrike
  6646 | D:8      | Found a hide-covered altar of Uskayaw.
  6652 | D:8      | Noticed a two-headed ogre
  6660 | D:8      | Killed a two-headed ogre
  6661 | D:8      | Reached skill level 12 in Spellcasting
  6661 | D:8      | Reached XP level 10. HP: 50/50 MP: 23/28
  6708 | D:8      | Found a transporter.
  6708 | D:8      | Found a transporter.
  6719 | D:8      | Found a transporter.
  6720 | D:8      | Found a transporter.
  7133 | D:9      | Found a flagged portal.
  7153 | Bailey   | Entered a bailey
  7330 | Bailey   | Noticed an orc knight
  7349 | Bailey   | Killed an orc knight
  7349 | Bailey   | Noticed an orc knight
  7350 | Bailey   | Reached skill level 1 in Long Blades
  7397 | Bailey   | Killed an orc knight
  7491 | Bailey   | Identified the +2 bardiche of Puhoisos {heavy, rElec
                  | Stlth+}
  7712 | D:9      | Reached skill level 1 in Fighting
  7845 | D:9      | Reached skill level 13 in Spellcasting
  7959 | D:9      | Found a sparkling altar of Nemelex Xobeh.
  8007 | D:9      | Noticed a two-headed ogre
  8020 | D:9      | Killed a two-headed ogre
  8021 | D:9      | Reached skill level 1 in Air Magic
  8219 | D:9      | Noticed a cyclops
  8228 | D:9      | Killed a cyclops
  8317 | D:9      | Reached XP level 11. HP: 57/60 MP: 30/30
  8401 | D:9      | Reached ***** piety under Vehumet
  8413 | D:9      | Offered knowledge of Arcjolt by Vehumet.
  8588 | D:9      | Learned a level 5 spell: Arcjolt
  8639 | D:9      | Noticed Harold
  8643 | D:9      | HP: 1/59 [constriction (10)]
  8646 | D:9      | Mangled by Harold

Illustrated notes

Levels and vault maps discovered:
D:1:      sevenhm_arrival_forest_fort_small_3, layout_rooms,
          chequers_serial_rivers_room_b, minmay_misc_feat_five
D:2:      layout_loops_ring, dreamdust_ecumenical_altar_angels_and_demons,
          serial_shops, shop
D:3:      layout_basic, grunt_temple_overflow_open, minmay_misc_feat_iff
D:4:      layout_basic, nicolae_overflow_quartered_altars, serial_shops,
          nicolae_diamond_shop
D:5:      layout_loops_ring, lemuel_doored_altar, minmay_misc_feat_rows,
          dreamdust_wishing_well
D:6:      layout_loops_cross, fedhas_altar_fruit_tree,
          minmay_temple_entry_glass, uniq_pikel, uniq_blork_the_orc
D:7:      layout_basic, uniq_menkaure, uniq_joseph, uniq_crazy_yiuf_cottage
D:8:      layout_basic, nicolae_uskayaw_dance_hall, serial_demonic,
          serial_demonic_d, serial_demonic_a, serial_demonic_c,
          serial_demonic_c, nicolae_diode_quadrants
D:9:      layout_irregular_city, kennysheep_little_box, enter_bailey_4,
          minmay_between, uniq_harold

Skill      XL: |  1  2  3  4  5  6  7  8  9 10 11 |
---------------+----------------------------------+-----
Dodging        | 1 2 3 4 5 6 |  6.4
Spellcasting   | 5 6 7 8 10 12 13 | 13.3
Necromancy     | 1 2 3 5 6 7 8 |  8.6
Conjurations   | 1 2 3 |  3.8
Stealth        | 2 3 |  3.6
Short Blades   | 1 2 3 |  3.6
Throwing       | 1 2 |  2.3
Shields        | 2 |  2.2
Translocations | 3 |  3.7
Fire Magic     | 2 3 |  3.5
Transmutations | 3 4 |  4.0
Poison Magic   | 2 3 |  3.7
Long Blades    | 1 2 |  2.0
Fighting       | 3 |  3.3
Air Magic      | 1 |  1.8
Invocations    | |  1.0
Evocations     | |  0.9

Action                     |  1- 3 |  4- 6 |  7- 9 | 10-12 || total
---------------------------+-------+-------+-------+-------++-------
  Melee: Short sword       |    74 |       |       |       ||    74
         Rapier            |       |    57 |    65 |    15 ||   137
         Dagger            |       |       |    52 |       ||    52
         Scimitar          |       |       |    52 |    55 ||   107
  Throw: Dart              |       |    18 |    25 |    30 ||    73
   Cast: Apportation       |    20 |    24 |    13 |    10 ||    67
         Magic Dart        |    42 |    62 |    72 |    32 ||   208
         Vampiric Draining |     4 |    22 |    57 |    35 ||   118
         Blink             |       |     1 |     3 |     5 ||     9
         Sticky Flame      |       |       |    14 |    23 ||    37
         Ignite Poison     |       |       |     1 |     7 ||     8
         Airstrike         |       |       |       |     1 ||     1
  Evoke: Wand              |       |       |    10 |     8 ||    18
    Use: Scroll            |     1 |       |     8 |     3 ||    12
         Potion            |       |       |     2 |     1 ||     3
   Stab: Sleeping          |     2 |     4 |     6 |     2 ||    14
         Distracted        |       |       |     1 |       ||     1
 Armour: Robe              |    25 |    13 |    49 |    39 ||   126
  Dodge: Dodged            |    51 |    45 |   170 |    89 ||   355
  Block: Buckler           |     9 |    18 |    51 |    30 ||   108
